[ AOE2 MATCH · #481211094 ]
UnrankedBulgarians vs Franks
[ REPLAY ANALYSIS · EXTRACTED FROM THE RECORDED GAME ]
Feudal
13:18
Castle
21:12
Imperial
41:52
| APM avg | 17.8 |
| APM peak | 50 |
| eAPM avg | 12.7 |
| Villagers / military | 142 / 143 |
Focus
⚔️ 27.6% · 🌾 72.4%
Spearman ×35 · Knight ×34 · Konnik ×30 · Militia ×29 · Fishing Ship ×22 · Scout Cavalry ×10
Feudal
16:14
Castle
38:21
Imperial
—
| APM avg | 19.7 |
| APM peak | 44 |
| eAPM avg | 9.0 |
| Villagers / military | 50 / 43 |
Focus
⚔️ 29.9% · 🌾 70.1%
Scout Cavalry ×25 · Spearman ×12 · Knight ×6 · Fishing Ship ×3
Feudal
15:33
Castle
26:10
Imperial
46:58
| APM avg | 11.8 |
| APM peak | 34 |
| eAPM avg | 8.7 |
| Villagers / military | 69 / 94 |
Focus
⚔️ 41.2% · 🌾 58.8%
Archer ×86 · Fishing Ship ×9 · Spearman ×7 · Trebuchet (Packed) ×1
Feudal
13:27
Castle
23:43
Imperial
—
| APM avg | 11.8 |
| APM peak | 42 |
| eAPM avg | 8.3 |
| Villagers / military | 108 / 47 |
Focus
⚔️ 20.3% · 🌾 79.7%
Fishing Ship ×18 · Scout Cavalry ×16 · Obuch ×11 · Spearman ×9 · Knight ×6 · Militia ×4
Match map
Initial resources + every placement click. Lines = walls · curves = elevation contours. ◆ gold · ⬟ stone · ● berries · ✦ relic · ◌ wall gap
Your base· Open — unwalled flank
Yomzii's base· Open — 11t gap
suoplementmayo's base· Open — 15t gap
zaxolinchen's base· Open — 3t gap
Smoothed initial terrain · ◌ = detected wall gap · hover for details
Inputs per minute
— bjoern4tel - - Yomzii
Build order — bjoern4tel
First 150 of 373 actions detected
| 0:11 | Build | Town Center |
| 0:29 | Build | House |
| 0:38 | Build | House |
| 2:42 | Create | Villager (Male) |
| 2:42 | Create | Villager (Male) |
| 2:42 | Create | Villager (Male) |
| 2:43 | Create | Villager (Male) |
| 4:05 | Create | Villager (Male) |
| 4:27 | Build | Lumber Camp |
| 4:29 | Create | Villager (Male) |
| 4:38 | Create | Villager (Male) |
| 5:16 | Create | Villager (Male) |
| 6:00 | Create | Villager (Male) |
| 6:24 | Create | Villager (Male) |
| 6:37 | Build | House |
| 6:55 | Create | Villager (Male) |
| 7:10 | Build | Dock |
| 7:21 | Create | Villager (Male) |
| 7:21 | Create | Villager (Male) |
| 8:10 | Create | Villager (Male) |
| 8:11 | Create | Villager (Male) |
| 8:39 | Create | Villager (Male) |
| 8:48 | Build | House |
| 8:55 | Create | Fishing Ship |
| 8:56 | Create | Fishing Ship |
| 9:17 | Create | Villager (Male) |
| 9:33 | Research | Loom |
| 9:34 | Create | Villager (Male) |
| 9:35 | Create | Villager (Male) |
| 9:55 | Create | Villager (Male) |
| 9:55 | Create | Villager (Male) |
| 9:59 | Create | Fishing Ship |
| 9:59 | Create | Fishing Ship |
| 10:11 | Create | Villager (Male) |
| 10:21 | Create | Villager (Male) |
| 10:39 | Create | Villager (Male) |
| 10:45 | Create | Villager (Male) |
| 10:46 | Create | Villager (Male) |
| 11:08 | Research | Feudal Age |
| 11:17 | Build | House |
| 11:23 | Create | Villager (Male) |
| 11:31 | Create | Villager (Male) |
| 11:49 | Build | Mill |
| 11:52 | Create | Villager (Male) |
| 11:57 | Create | Fishing Ship |
| 11:57 | Create | Fishing Ship |
| 12:19 | Create | Villager (Male) |
| 12:19 | Create | Villager (Male) |
| 12:31 | Build | Barracks |
| 13:12 | Build | House |
| 13:18 | Age | Feudal Age |
| 13:23 | Create | Villager (Male) |
| 13:27 | Create | Villager (Male) |
| 13:36 | Build | House |
| 13:40 | Build | House |
| 13:48 | Research | Double-Bit Axe |
| 13:51 | Create | Villager (Male) |
| 14:13 | Create | Villager (Male) |
| 14:15 | Create | Fishing Ship |
| 14:24 | Create | Villager (Male) |
| 14:46 | Build | Lumber Camp |
| 15:24 | Build | Mining Camp |
| 15:27 | Create | Villager (Male) |
| 15:34 | Research | Horse Collar |
| 15:36 | Create | Villager (Male) |
| 15:36 | Create | Villager (Male) |
| 15:50 | Research | Tech 906 |
| 15:52 | Create | Villager (Male) |
| 16:15 | Build | Lumber Camp |
| 16:39 | Build | Market |
| 16:57 | Build | Blacksmith |
| 17:10 | Create | Fishing Ship |
| 17:10 | Create | Fishing Ship |
| 17:33 | Build | Farm |
| 17:37 | Create | Fishing Ship |
| 18:01 | Build | Farm |
| 18:17 | Build | Farm |
| 18:32 | Research | Castle Age |
| 18:44 | Build | Dock |
| 18:48 | Create | Villager (Male) |
| 18:55 | Create | Fishing Ship |
| 18:56 | Create | Fishing Ship |
| 19:13 | Build | Stable |
| 19:19 | Create | Militia |
| 19:32 | Create | Villager (Male) |
| 19:46 | Build | Barracks |
| 19:51 | Build | House |
| 20:05 | Build | House |
| 20:12 | Create | Villager (Male) |
| 20:33 | Create | Militia |
| 20:34 | Create | Militia |
| 20:39 | Build | House |
| 20:40 | Build | House |
| 20:41 | Build | House |
| 20:43 | Build | House |
| 20:47 | Create | Militia |
| 20:57 | Create | Villager (Male) |
| 21:01 | Create | Fishing Ship |
| 21:02 | Create | Fishing Ship |
| 21:02 | Create | Fishing Ship |
| 21:02 | Create | Fishing Ship |
| 21:02 | Create | Fishing Ship |
| 21:12 | Age | Castle Age |
| 21:13 | Build | Mill |
| 22:01 | Build | Stable |
| 22:03 | Build | Stable |
| 22:14 | Create | Villager (Male) |
| 22:31 | Create | Villager (Male) |
| 22:33 | Build | Farm |
| 22:34 | Create | Villager (Male) |
| 22:52 | Create | Fishing Ship |
| 22:52 | Create | Fishing Ship |
| 22:53 | Create | Fishing Ship |
| 22:53 | Create | Fishing Ship |
| 22:53 | Create | Fishing Ship |
| 22:59 | Build | Farm |
| 22:59 | Build | Farm |
| 22:59 | Build | Farm |
| 23:10 | Research | Gambesons |
| 23:13 | Research | Scale Mail Armor |
| 23:40 | Create | Villager (Male) |
| 24:41 | Build | Barracks |
| 24:45 | Build | Barracks |
| 24:47 | Build | Barracks |
| 24:50 | Create | Villager (Male) |
| 24:51 | Create | Villager (Male) |
| 24:51 | Create | Villager (Male) |
| 24:51 | Create | Villager (Male) |
| 24:51 | Create | Villager (Male) |
| 25:04 | Build | Town Center |
| 25:09 | Create | Villager (Male) |
| 25:17 | Create | Militia ×5 |
| 25:17 | Create | Militia ×5 |
| 25:54 | Research | Chain Mail Armor |
| 26:28 | Build | House |
| 26:30 | Build | House |
| 26:31 | Build | House |
| 26:34 | Build | House |
| 26:36 | Build | House |
| 26:42 | Build | Mill |
| 27:28 | Create | Villager (Male) |
| 27:30 | Create | Villager (Male) |
| 27:30 | Create | Villager (Male) |
| 27:30 | Create | Villager (Male) |
| 27:31 | Create | Villager (Male) |
| 27:31 | Create | Villager (Male) |
| 27:52 | Research | Forging |
| 28:27 | Create | Militia ×5 |
| 28:28 | Create | Militia ×5 |
| 28:28 | Create | Militia ×5 |
Build order — Yomzii
First 150 of 176 actions detected
| 1:04 | Build | Town Center |
| 2:49 | Create | Villager (Male) |
| 2:49 | Create | Villager (Male) |
| 2:49 | Create | Villager (Male) |
| 2:49 | Create | Villager (Male) |
| 2:59 | Build | House |
| 4:02 | Create | Villager (Male) |
| 4:12 | Build | House |
| 4:38 | Build | Mill |
| 5:35 | Create | Villager (Male) |
| 5:35 | Create | Villager (Male) |
| 5:36 | Create | Villager (Male) |
| 6:20 | Build | House |
| 7:21 | Build | Lumber Camp |
| 7:24 | Create | Villager (Male) |
| 7:24 | Create | Villager (Male) |
| 7:25 | Create | Villager (Male) |
| 8:56 | Build | Barracks |
| 9:02 | Create | Villager (Male) |
| 9:02 | Create | Villager (Male) |
| 9:03 | Create | Villager (Male) |
| 9:41 | Build | Barracks |
| 11:58 | Build | Farm |
| 12:00 | Create | Villager (Male) |
| 12:00 | Create | Villager (Male) |
| 12:00 | Create | Villager (Male) |
| 12:28 | Build | Farm |
| 12:33 | Build | Farm |
| 12:57 | Build | Farm |
| 13:15 | Build | Farm |
| 13:18 | Build | Farm |
| 13:29 | Build | House |
| 13:39 | Research | Loom |
| 13:46 | Research | Feudal Age |
| 14:06 | Build | House |
| 14:41 | Build | Farm |
| 14:42 | Build | Farm |
| 14:45 | Build | Farm |
| 14:47 | Build | Farm |
| 15:11 | Build | Palisade Wall |
| 15:35 | Build | Mining Camp |
| 16:14 | Age | Feudal Age |
| 16:21 | Build | Stable |
| 16:35 | Create | Spearman |
| 16:35 | Create | Spearman |
| 16:58 | Build | House |
| 18:01 | Create | Spearman |
| 18:02 | Create | Spearman |
| 18:02 | Create | Spearman |
| 18:07 | Create | Scout Cavalry |
| 18:07 | Create | Scout Cavalry |
| 18:07 | Create | Scout Cavalry |
| 18:07 | Create | Scout Cavalry |
| 18:25 | Build | Watch Tower |
| 19:57 | Create | Villager (Male) |
| 19:57 | Create | Villager (Male) |
| 19:57 | Create | Villager (Male) |
| 20:29 | Create | Villager (Male) |
| 20:30 | Create | Villager (Male) |
| 22:34 | Build | Blacksmith |
| 23:19 | Create | Scout Cavalry |
| 23:19 | Create | Scout Cavalry |
| 23:20 | Create | Scout Cavalry |
| 23:20 | Create | Scout Cavalry |
| 23:29 | Build | Farm |
| 24:11 | Research | Forging |
| 24:34 | Create | Spearman |
| 24:35 | Create | Spearman |
| 24:35 | Create | Spearman |
| 26:14 | Research | Wheelbarrow |
| 26:15 | Create | Villager (Male) |
| 26:15 | Create | Villager (Male) |
| 26:15 | Create | Villager (Male) |
| 27:41 | Create | Spearman |
| 27:41 | Create | Spearman |
| 27:41 | Create | Spearman |
| 27:42 | Create | Spearman |
| 27:43 | Create | Scout Cavalry |
| 28:32 | Build | Market |
| 28:37 | Create | Scout Cavalry |
| 28:37 | Create | Scout Cavalry |
| 28:44 | Build | House |
| 29:04 | Build | Lumber Camp |
| 29:30 | Create | Scout Cavalry |
| 29:30 | Create | Scout Cavalry |
| 29:35 | Build | House |
| 29:42 | Research | Scale Barding Armor |
| 32:56 | Build | Farm |
| 33:14 | Create | Scout Cavalry |
| 33:15 | Create | Scout Cavalry |
| 33:15 | Create | Scout Cavalry |
| 33:15 | Create | Scout Cavalry |
| 33:39 | Build | Mining Camp |
| 33:50 | Create | Villager (Male) |
| 33:54 | Create | Scout Cavalry |
| 35:19 | Build | Farm |
| 35:41 | Research | Castle Age |
| 36:18 | Build | Palisade Wall |
| 36:54 | Create | Scout Cavalry |
| 36:54 | Create | Scout Cavalry |
| 36:54 | Create | Scout Cavalry |
| 36:55 | Create | Scout Cavalry |
| 38:00 | Create | Scout Cavalry |
| 38:00 | Create | Scout Cavalry |
| 38:00 | Create | Scout Cavalry |
| 38:21 | Age | Castle Age |
| 40:27 | Build | Town Center |
| 41:30 | Build | Palisade Wall |
| 42:05 | Create | Villager (Male) |
| 42:05 | Create | Villager (Male) |
| 42:05 | Create | Villager (Male) |
| 42:50 | Build | Mining Camp |
| 42:54 | Create | Villager (Male) |
| 42:54 | Create | Villager (Male) |
| 43:19 | Build | Mining Camp |
| 43:29 | Build | Stable |
| 43:39 | Create | Villager (Male) |
| 43:40 | Create | Villager (Male) |
| 44:24 | Create | Villager (Male) |
| 44:25 | Create | Villager (Male) |
| 44:25 | Create | Villager (Male) |
| 45:02 | Build | Palisade Wall |
| 45:13 | Create | Villager (Male) |
| 45:13 | Create | Villager (Male) |
| 45:13 | Create | Villager (Male) |
| 45:13 | Create | Villager (Male) |
| 45:14 | Create | Villager (Male) |
| 45:14 | Create | Villager (Male) |
| 45:47 | Build | Barracks |
| 47:03 | Create | Villager (Male) |
| 47:03 | Create | Villager (Male) |
| 47:12 | Create | Knight |
| 47:12 | Create | Knight |
| 47:13 | Create | Knight |
| 47:13 | Create | Knight |
| 47:43 | Build | Palisade Wall |
| 48:10 | Build | Palisade Wall |
| 48:45 | Build | Dock |
| 48:54 | Build | Palisade Wall |
| 49:03 | Create | Villager (Male) |
| 49:03 | Create | Villager (Male) |
| 49:13 | Build | Palisade Wall |
| 49:29 | Build | House |
| 49:30 | Build | House |
| 49:32 | Build | House |
| 49:55 | Build | Market |
| 50:10 | Build | House |
| 50:11 | Build | House |
| 50:12 | Build | House |
| 50:52 | Build | Palisade Wall |
Build order — suoplementmayo
First 150 of 239 actions detected
| 0:47 | Build | Town Center |
| 1:14 | Build | Dock |
| 3:00 | Create | Villager (Male) |
| 3:00 | Create | Villager (Male) |
| 3:01 | Create | Villager (Male) |
| 3:01 | Create | Villager (Male) |
| 3:44 | Build | House |
| 4:02 | Research | Loom |
| 4:03 | Create | Villager (Male) |
| 4:04 | Create | Villager (Male) |
| 4:25 | Create | Fishing Ship |
| 4:38 | Create | Villager (Male) |
| 5:11 | Create | Fishing Ship |
| 5:49 | Build | House |
| 5:54 | Create | Villager (Male) |
| 5:54 | Create | Villager (Male) |
| 6:58 | Create | Villager (Male) |
| 6:58 | Create | Villager (Male) |
| 6:58 | Create | Villager (Male) |
| 7:24 | Build | House |
| 7:32 | Create | Fishing Ship |
| 8:32 | Build | Mining Camp |
| 8:37 | Create | Villager (Male) |
| 8:40 | Create | Villager (Male) |
| 8:40 | Create | Villager (Male) |
| 8:40 | Create | Villager (Male) |
| 8:59 | Build | House |
| 9:10 | Create | Villager (Male) |
| 9:40 | Build | Mill |
| 10:21 | Create | Fishing Ship |
| 10:22 | Create | Fishing Ship |
| 10:51 | Build | Farm |
| 11:10 | Build | House |
| 12:30 | Build | Dock |
| 12:48 | Build | Farm |
| 13:23 | Research | Feudal Age |
| 13:47 | Create | Fishing Ship |
| 13:47 | Create | Fishing Ship |
| 13:54 | Create | Fishing Ship |
| 13:55 | Create | Fishing Ship |
| 14:09 | Create | Villager (Male) |
| 14:10 | Create | Villager (Male) |
| 14:10 | Create | Villager (Male) |
| 14:29 | Build | Lumber Camp |
| 14:43 | Build | Mining Camp |
| 15:30 | Create | Villager (Male) |
| 15:30 | Create | Villager (Male) |
| 15:33 | Age | Feudal Age |
| 15:54 | Build | Barracks |
| 16:16 | Create | Villager (Male) |
| 16:16 | Create | Villager (Male) |
| 16:17 | Create | Villager (Male) |
| 17:20 | Build | House |
| 17:26 | Build | Archery Range |
| 17:32 | Build | Archery Range |
| 17:46 | Build | House |
| 17:47 | Build | House |
| 18:00 | Research | Double-Bit Axe |
| 19:03 | Build | Mining Camp |
| 19:08 | Create | Villager (Male) |
| 19:08 | Create | Villager (Male) |
| 19:08 | Create | Villager (Male) |
| 19:08 | Create | Villager (Male) |
| 19:22 | Create | Villager (Male) |
| 19:23 | Create | Villager (Male) |
| 19:51 | Create | Archer |
| 19:51 | Create | Archer |
| 19:51 | Create | Archer |
| 19:52 | Create | Archer |
| 19:52 | Create | Archer |
| 19:52 | Create | Archer |
| 19:52 | Create | Archer |
| 19:52 | Create | Archer |
| 19:53 | Create | Archer |
| 19:53 | Create | Archer |
| 19:53 | Create | Archer |
| 19:53 | Create | Archer |
| 19:53 | Create | Archer |
| 20:58 | Create | Archer |
| 20:58 | Create | Archer |
| 20:59 | Create | Archer |
| 20:59 | Create | Archer |
| 20:59 | Create | Archer |
| 21:34 | Build | Blacksmith |
| 21:38 | Build | House |
| 23:25 | Build | Farm |
| 23:27 | Build | Farm |
| 23:30 | Research | Castle Age |
| 23:51 | Research | Fletching |
| 24:05 | Build | House |
| 24:07 | Build | House |
| 26:10 | Age | Castle Age |
| 26:23 | Create | Archer |
| 26:23 | Create | Archer |
| 26:23 | Create | Archer |
| 26:24 | Create | Archer |
| 26:24 | Create | Archer |
| 26:24 | Create | Archer |
| 26:25 | Create | Archer |
| 26:25 | Create | Archer |
| 26:25 | Create | Archer |
| 26:53 | Research | Crossbowman (upgrade) |
| 27:01 | Research | Crossbowman (upgrade) |
| 27:06 | Research | Bodkin Arrow |
| 28:00 | Create | Archer |
| 28:00 | Create | Archer |
| 28:00 | Create | Archer |
| 28:01 | Create | Archer |
| 28:01 | Create | Archer |
| 28:01 | Create | Archer |
| 28:01 | Create | Archer |
| 28:01 | Create | Archer |
| 28:02 | Create | Archer |
| 28:02 | Create | Archer |
| 28:25 | Build | Watch Tower |
| 28:30 | Create | Archer |
| 28:30 | Create | Archer |
| 28:30 | Create | Archer |
| 28:31 | Create | Archer |
| 28:31 | Create | Archer |
| 28:31 | Create | Archer |
| 28:31 | Create | Archer |
| 28:32 | Create | Archer |
| 29:18 | Create | Archer |
| 30:18 | Create | Villager (Male) |
| 30:19 | Create | Villager (Male) |
| 30:19 | Create | Villager (Male) |
| 30:19 | Create | Villager (Male) |
| 30:37 | Create | Archer |
| 30:37 | Create | Archer |
| 31:04 | Create | Villager (Male) |
| 31:05 | Create | Villager (Male) |
| 31:05 | Create | Villager (Male) |
| 31:05 | Create | Villager (Male) |
| 31:05 | Create | Villager (Male) |
| 31:06 | Create | Villager (Male) |
| 32:12 | Build | Castle |
| 32:41 | Create | Archer |
| 32:41 | Create | Archer |
| 32:41 | Create | Archer |
| 32:42 | Create | Archer |
| 34:46 | Build | University |
| 34:51 | Create | Villager (Male) |
| 34:51 | Create | Villager (Male) |
| 34:52 | Create | Villager (Male) |
| 34:52 | Create | Villager (Male) |
| 35:27 | Build | House |
| 36:26 | Build | Castle |
| 36:41 | Research | Ballistics |
| 37:26 | Create | Archer |
Build order — zaxolinchen
First 150 of 269 actions detected
| 0:06 | Build | Town Center |
| 1:57 | Build | House |
| 2:06 | Build | House |
| 2:15 | Create | Villager (Male) |
| 2:15 | Create | Villager (Male) |
| 2:24 | Create | Villager (Male) |
| 2:26 | Create | Villager (Male) |
| 3:42 | Create | Villager (Male) |
| 4:19 | Create | Villager (Male) |
| 4:19 | Create | Villager (Male) |
| 4:53 | Create | Villager (Male) |
| 5:30 | Create | Villager (Male) |
| 5:40 | Create | Villager (Male) |
| 5:53 | Build | Dock |
| 6:08 | Build | House |
| 6:24 | Create | Villager (Male) |
| 6:48 | Create | Villager (Male) |
| 6:54 | Create | Villager (Male) |
| 7:15 | Create | Villager (Male) |
| 7:32 | Create | Villager (Male) |
| 7:39 | Create | Fishing Ship |
| 8:13 | Create | Villager (Male) |
| 8:21 | Create | Villager (Male) |
| 8:31 | Create | Fishing Ship |
| 8:38 | Create | Villager (Male) |
| 9:02 | Build | Mill |
| 9:06 | Create | Villager (Male) |
| 9:37 | Create | Villager (Male) |
| 9:49 | Create | Fishing Ship |
| 9:58 | Build | Farm |
| 10:00 | Create | Villager (Male) |
| 10:18 | Build | Farm |
| 10:43 | Build | Farm |
| 10:51 | Build | Farm |
| 11:17 | Research | Feudal Age |
| 11:47 | Build | Barracks |
| 12:17 | Build | Mining Camp |
| 12:19 | Create | Villager (Male) |
| 12:46 | Build | House |
| 12:51 | Build | House |
| 13:27 | Age | Feudal Age |
| 13:32 | Build | Stable |
| 13:33 | Create | Villager (Male) |
| 13:45 | Build | Farm |
| 13:50 | Research | Gold Mining |
| 14:15 | Create | Scout Cavalry |
| 14:16 | Create | Scout Cavalry |
| 14:17 | Create | Scout Cavalry |
| 14:19 | Create | Scout Cavalry |
| 14:23 | Create | Villager (Male) |
| 14:40 | Create | Demolition Raft |
| 14:45 | Create | Fishing Ship |
| 14:53 | Build | Farm |
| 14:54 | Build | Farm |
| 15:14 | Create | Fishing Ship |
| 15:22 | Create | Villager (Male) |
| 15:23 | Create | Villager (Male) |
| 15:28 | Create | Villager (Male) |
| 16:01 | Build | Blacksmith |
| 16:03 | Research | Bloodlines |
| 16:14 | Build | Mill |
| 16:26 | Build | House |
| 17:09 | Build | House |
| 17:11 | Build | House |
| 17:13 | Research | Forging |
| 17:17 | Research | Scale Barding Armor |
| 18:20 | Create | Villager (Male) |
| 18:21 | Create | Villager (Male) |
| 18:25 | Build | Farm |
| 19:09 | Create | Villager (Male) |
| 19:24 | Build | Farm |
| 19:24 | Build | Farm |
| 19:24 | Build | Farm |
| 19:25 | Build | Farm |
| 19:25 | Build | Farm |
| 19:41 | Create | Villager (Male) |
| 19:45 | Create | Villager (Male) |
| 20:28 | Build | Mining Camp |
| 20:30 | Create | Villager (Male) |
| 20:43 | Create | Villager (Male) |
| 20:50 | Build | House |
| 21:03 | Research | Castle Age |
| 21:24 | Create | Fishing Ship |
| 21:25 | Create | Fishing Ship |
| 21:36 | Build | Farm |
| 21:52 | Create | Spearman |
| 22:11 | Create | Spearman |
| 22:23 | Create | Spearman |
| 23:07 | Create | Militia |
| 23:28 | Create | Scout Cavalry |
| 23:43 | Age | Castle Age |
| 23:53 | Create | Militia |
| 23:53 | Create | Militia |
| 24:48 | Create | Fishing Ship |
| 24:48 | Create | Fishing Ship |
| 24:49 | Create | Fishing Ship |
| 25:11 | Create | Militia |
| 25:15 | Create | Scout Cavalry |
| 25:20 | Create | Knight |
| 25:58 | Create | Scout Cavalry |
| 26:09 | Create | Villager (Male) |
| 26:09 | Create | Villager (Male) |
| 26:10 | Create | Villager (Male) |
| 26:12 | Create | Villager (Male) |
| 26:22 | Create | Scout Cavalry |
| 26:57 | Create | Scout Cavalry |
| 27:55 | Create | Scout Cavalry |
| 27:56 | Create | Scout Cavalry |
| 28:21 | Create | Scout Cavalry |
| 28:58 | Create | Villager (Male) |
| 29:23 | Create | Scout Cavalry |
| 29:47 | Build | Archery Range |
| 30:37 | Create | Scout Cavalry |
| 31:26 | Create | Villager (Male) |
| 31:27 | Create | Villager (Male) |
| 31:28 | Create | Villager (Male) |
| 31:31 | Create | Villager (Male) |
| 32:37 | Create | Scout Cavalry |
| 33:47 | Create | Villager (Male) |
| 34:15 | Create | Villager (Male) |
| 34:16 | Create | Villager (Male) |
| 34:54 | Create | Villager (Male) |
| 35:58 | Create | Villager (Male) |
| 36:08 | Build | Farm |
| 36:55 | Create | Scout Cavalry |
| 37:30 | Build | Farm |
| 38:04 | Build | Farm |
| 38:11 | Create | Villager (Male) |
| 38:35 | Create | Villager (Male) |
| 38:48 | Create | Villager (Male) |
| 39:31 | Create | Villager (Male) |
| 39:41 | Create | Villager (Male) |
| 39:58 | Build | Farm |
| 40:01 | Create | Villager (Male) |
| 40:45 | Create | Villager (Male) |
| 40:49 | Create | Villager (Male) |
| 41:23 | Create | Villager (Male) |
| 41:50 | Build | Lumber Camp |
| 42:22 | Create | Villager (Male) |
| 42:24 | Create | Villager (Male) |
| 42:42 | Create | Villager (Male) |
| 42:58 | Create | Villager (Male) |
| 43:04 | Build | Farm |
| 43:12 | Build | Farm |
| 43:26 | Research | Double-Bit Axe |
| 43:27 | Create | Villager (Male) |
| 43:29 | Create | Villager (Male) |
| 43:49 | Create | Villager (Male) |
| 44:03 | Create | Villager (Male) |
| 44:11 | Build | Farm |
Match timeline
| 1:14 | suoplementmayo · first_building Dock |
| 5:53 | zaxolinchen · first_building Dock |
| 7:10 | bjoern4tel · first_building Dock |
| 8:56 | Yomzii · first_building Barracks |
| 11:47 | zaxolinchen · first_building Barracks |
| 12:31 | bjoern4tel · first_building Barracks |
| 13:18 | bjoern4tel · age_up feudal |
| 13:27 | zaxolinchen · age_up feudal |
| 13:32 | zaxolinchen · first_building Stable |
| 15:11 | Yomzii · wall_segment Palisade Wall x10 |
| 15:33 | suoplementmayo · age_up feudal |
| 15:54 | suoplementmayo · first_building Barracks |
| 16:14 | Yomzii · age_up feudal |
| 16:21 | Yomzii · first_building Stable |
| 17:26 | suoplementmayo · first_building Archery Range |
| 18:07 | bjoern4tel · first_market_sell 100 wood |
| 18:10 | bjoern4tel · first_market_buy 100 food |
| 19:13 | bjoern4tel · first_building Stable |
| 21:12 | bjoern4tel · age_up castle |
| 23:43 | zaxolinchen · age_up castle |
| 26:10 | suoplementmayo · age_up castle |
| 29:47 | zaxolinchen · first_building Archery Range |
| 32:12 | suoplementmayo · first_building Castle |
| 35:34 | Yomzii · first_market_sell 100 wood |
| 35:37 | Yomzii · first_market_buy 100 food |
| 35:41 | bjoern4tel · first_building Castle |
| 36:18 | Yomzii · wall_segment Palisade Wall x7 |
| 37:49 | suoplementmayo · first_building Siege Workshop |
| 38:21 | Yomzii · age_up castle |
| 39:35 | bjoern4tel · first_building Krepost |
| 39:46 | bjoern4tel · wall_segment Stone Wall x7 |
| 39:51 | bjoern4tel · wall_segment Stone Wall x11 |
| 41:13 | suoplementmayo · tribute_sent a jugador 1 |
| 41:13 | suoplementmayo · tribute_sent a jugador 2 |
| 41:13 | suoplementmayo · tribute_sent a jugador 4 |
| 41:30 | Yomzii · wall_segment Palisade Wall x16 |
| 41:52 | bjoern4tel · age_up imperial |
| 45:02 | Yomzii · wall_segment Palisade Wall x24 |
| 46:58 | suoplementmayo · age_up imperial |
| 47:35 | suoplementmayo · first_market_buy 100 wood |
| 47:43 | Yomzii · wall_segment Palisade Wall x12 |
| 48:10 | Yomzii · wall_segment Palisade Wall x17 |
| 48:45 | Yomzii · first_building Dock |
| 48:54 | Yomzii · wall_segment Palisade Wall x7 |
| 49:13 | Yomzii · wall_segment Palisade Wall x5 |
| 50:52 | Yomzii · wall_segment Palisade Wall x13 |
| 51:18 | Yomzii · first_building Castle |
| 51:39 | Yomzii · wall_segment Palisade Wall x1 |
| 51:51 | zaxolinchen · first_building Castle |
| 54:01 | Yomzii · wall_segment Palisade Wall x8 |
| 54:56 | Yomzii · wall_segment Palisade Wall x5 |
| 59:23 | suoplementmayo · resign |
[ AI ANALYSIS · 1 CREDIT ]
What really happened in this match?
Wolo.gg analyzes every decision: build order, eco, micro, common mistakes by bracket. Personalized analysis on WhatsApp or Discord in 30 seconds.
Civ guide
Bulgarians
Perfil
Jugador #5805821